 Seeded DCSS version 0.31-a0-667-g39726597b9 (webtiles) character file.

Game seed: 8226958467842168542 (custom seed)

49 demibob the Slasher (level 3, -8/31 HPs)
             Began as a Minotaur Chaos Knight on Sept 3, 2023.
             Was a Plaything of Xom.
             Mangled by a culicivora (shapeshifter) (19 damage)
             ... led by Robin
             ... on level 2 of the Dungeon.
             The game lasted 00:00:46 (594 turns).

demibob the Slasher (Minotaur Chaos Knight)          Turns: 594, Time: 00:00:47

Health: -8/31      AC:  5    Str: 16    XL:     3   Next: 53%
Magic:  2/2        EV: 11    Int:  9    God:    Xom [..*...]
Gold:   41         SH:  0    Dex: 11    Spells: 2/2 levels left

rFire   . . .        a - +0 falchion (chaos)
rCold   . . .        (no shield)
rNeg    . . .        b - +2 leather armour
rPois   .            (helmet restricted)
rElec   .            (no cloak)
rCorr   .            (no gloves)
SInv    .            (no boots)
Will    .....        (no amulet)
Stlth   +            (no ring)
HPRegen 0.25/turn    (no ring)
MPRegen 0.08/turn

%: no passive effects
@: no status effects
A: horns 2, retaliatory headbutt
a: Renounce Religion


You were on level 2 of the Dungeon.
You worshipped Xom.
You were a toy of Xom.
You visited 1 branch of the dungeon, and saw 2 of its levels.

You collected 41 gold pieces.


Innate Abilities, Weirdness & Mutations

You have a pair of horns on your head.
You reflexively headbutt those who attack you in melee.


   Skills:
 - Level 3.6 Fighting
 + Level 5.6 Long Blades
 - Level 2.4 Armour
 - Level 1.1 Dodging


You had 2 spell levels left.
You didn't know any spells.
Your spell library contained the following spells:

 Spells                   Type           Power      Damage    Failure   Level
 Hailstorm                Conj/Ice       0%         3d3       82%         3
 Summon Ice Beast         Ice/Summ       0%         N/A       99%         4
 Simulacrum               Ice/Necr       0%         N/A       100%        6

Inventory:

Hand Weapons
 a - a +0 falchion of chaos (weapon)
Armour
 b - a +2 leather armour (worn)
Scrolls
 c - a scroll of butterflies
 e - a scroll of blinking {unknown}
 h - a scroll of teleportation {unknown}
Potions
 d - a potion of heal wounds {unknown}
 f - 3 potions of curing {unknown}
 g - a potion of mutation {unknown}

Dungeon Overview and Level Annotations

Branches:
Dungeon (2/15)

Altars:

#....#...... ..#
+....#..###. ##..
#...##..###. ...
#...##..#... #..
#...##...... #..
##...##.###)# # #..
#............
#...##s#####.##....###..
#...ggg@.##.....#### ###
#.#.####g....####
...g...>....#
gg###########


You could see a culicivora shaped shifter and 4 goblins.


Message History

You kill the jackal!
The jackal bites you but does no damage.
You closely miss the jackal. You headbutt the jackal.
The jackal is severely wounded.
The jackal bites you but does no damage.
The goblin closely misses you.
You hit the jackal.
You kill the jackal!
The goblin barely misses you.
You hit the hobgoblin.
The hobgoblin changes into a shapeshifter!
Xom is amused.
You headbutt the shapeshifter.
The shapeshifter is lightly wounded.
The shapeshifter changes into a culicivora!
The goblin hits you but does no damage.
You hit the culicivora.
The culicivora is lightly wounded.
The culicivora bites you!!
Ouch! That really hurt!
* * * LOW HITPOINT WARNING * * *
The culicivora draws strength from your injuries!
The goblin barely misses you.
You hit the goblin but do no damage.
Xom makes a sudden noise!
You hear strange voices.
You hear a shout!
The culicivora bites you!!
Ouch! That really hurt!
You die...
Xom thinks this is hilarious!

Skill      XL: |  1  2 |
---------------+-------+-----
Long Blades    | 4 5 |  5.6
Fighting       | |  3.6
Armour         | |  2.4
Dodging        | |  1.1

Action                     || total
---------------------------++-------
  Melee: Falchion          ||    69
         Headbutt          ||    10
 Armour: Leather armour    ||    49
  Dodge: Dodged            ||    44

Levels and vault maps discovered:
D:1:      psy_arrival_statuary, layout_rooms
D:2:      layout_basic, uniq_robin

Notes
Turn   | Place    | Note
-------+----------+-------------------------------------------
     0 | D:1      | demibob the Minotaur Chaos Knight began the quest for the
                  | Orb.
     0 | D:1      | Reached XP level 1. HP: 19/19 MP: 0/0
    81 | D:1      | XOM: potion effect (might)
    91 | D:1      | Reached skill level 4 in Long Blades
    91 | D:1      | Reached XP level 2. HP: 21/26 MP: 1/1
   165 | D:1      | Reached skill level 5 in Long Blades
   190 | D:1      | Reached XP level 3. HP: 28/31 MP: 2/2
   392 | D:1      | XOM: silly message
   592 | D:2      | a hobgoblin changed into a shapeshifter
   592 | D:2      | Noticed a shapeshifter (shapeshifter)
   592 | D:2      | a shapeshifter changed into a culicivora
   592 | D:2      | Noticed a culicivora (shapeshifter)
   594 | D:2      | XOM: noise
   594 | D:2      | Mangled by a culicivora (shapeshifter)

Vanquished Creatures
  A gnoll (D:1)
  2 bats (D:1)
  2 endoplasms (D:1)
  6 goblins
  3 hobgoblins (D:1)
  8 jackals
  3 quokkas
  4 ball pythons
  2 kobolds (D:1)
  3 rats (D:1)
34 creatures vanquished.

Table legend: (Time is in decaauts)
 A = Elapsed time spent in this place.
 B = Non-inter-level travel time spent in this place.
 C = Inter-level travel time spent in this place.
 D = Time resting spent in this place.
 E = Time spent auto-exploring this place.
 F = Levels seen in this place.
 G = Mean time per level.
                   A        B        C        D        E       F      G
               +--------+--------+--------+--------+--------+-----+--------+
         Total |    596 |    576 |     20 |      4 |    441 |   2 |  298.0 |
       Dungeon |    596 |    576 |     20 |      4 |    441 |   2 |  298.0 |
               +--------+--------+--------+--------+--------+-----+--------+

Top non-repeatable levels by time:
     D:1: 436 daAuts
     D:2: 160 daAuts

Table legend:
 A = Non-vault XP
 B = Vault XP
 C = Vault XP percentage of total XP
 D = Non-vault monster count
 E = Vault monster count
 F = Vault count percentage of total count
                 A         B        C        D         E       F
            +---------+---------+-------+---------+---------+-------
      Total |      70 |       1 |   1.4 |      33 |       1 |   2.9
            +---------+---------+-------+---------+---------+-------
        D:1 |      56 |       0 |   0.0 |      26 |       0 |   0.0
        D:2 |      14 |       1 |   6.7 |       7 |       1 |  12.5
            +---------+---------+-------+---------+---------+-------
